 Dungeon Crawl Stone Soup version 0.28.0 (webtiles) character file.

Game seed: 7298297703362647488

238 ooooo the Conjurer (level 6, 0/36 HPs)
             Began as an Octopode Conjurer on Feb 14, 2022.
             Slain by an ice beast (6 damage)
             ... on level 3 of the Dungeon.
             The game lasted 00:08:01 (4459 turns).

ooooo the Conjurer (Octopode Conjurer)              Turns: 4459, Time: 00:08:02

Health: 0/36       AC:  1    Str:  7      XL:     6   Next: 7%
Magic:  1/9        EV: 13    Int: 22      God:
Gold:   155        SH:  0    Dex:  9 (10) Spells: 2/9 levels left

rFire   . . .      SeeInvis .   h - +1 dagger (vamp)
rCold   . . .      Faith    .   (no shield)
rNeg    . . .      Spirit   .   (helmet restricted)
rPois   .          Reflect  .   (no amulet)
rElec   .          Harm     .   (no ring)
rCorr   .          Rampage  .   (no ring)
Will    .....                   (no ring)
Stlth   +++.......              (no ring)
HPRegen 0.12/turn               (no ring)
MPRegen 0.11/turn               (no ring)
                                (no ring)
                                (no ring)

@: no status effects
A: almost no armour, amphibious, 8 rings, camouflage 1, gelatinous body 1,
(nimble swimmer 1), tentacles
a: no special abilities


You were on level 3 of the Dungeon.
You visited 1 branch of the dungeon, and saw 4 of its levels.

You collected 155 gold pieces.

Inventory:

Hand Weapons
 h - a +1 vampiric dagger (weapon)
Wands
 f - a wand of polymorph (8)
Scrolls
 g - a scroll of vulnerability {unknown}
 i - a scroll of identify {unknown}
 j - a scroll of amnesia {unknown}
Potions
 a - 2 potions of flight {unknown}
 b - a potion of invisibility {unknown}
 c - a potion of ambrosia {unknown}
 d - a potion of brilliance {unknown}
 e - a potion of heal wounds


   Skills:
 - Level 2.0 Dodging
 - Level 2.6 Stealth
 - Level 2.0 Spellcasting
 + Level 6.6 Conjurations
 + Level 2.3 Hexes


You had 2 spell levels left.
You knew the following spells:

 Your Spells              Type           Power      Damage    Failure   Level
a - Searing Ray           Conj           62%        2d6       1%          2
b - Magic Dart            Conj           100%       1d8       1%          1
c - Fulminant Prism       Conj/Hex       10%        3d9       22%         4

Your spell library contained the following spells:

 Spells                   Type           Power      Damage    Failure   Level
 Dazzling Flash           Conj/Hex       42%        N/A       7%          3
 Iskenderun's Mystic Bla  Conj/Tloc      16%        2d5       34%         4


Dungeon Overview and Level Annotations

Branches:
Dungeon (4/15)
 Temple: D:4-7

Altars:

Shops:
D:3 (


Innate Abilities, Weirdness & Mutations

You cannot wear most types of armour.
You are amphibious.
You can wear up to eight rings at the same time.
Your skin changes colour to match your surroundings (Stealth+).
Your rubbery body absorbs attacks. (AC +1, EV +1)
((You are camouflaged when in or above water. (Stealth+)))
You have tentacles for arms and can constrict up to eight enemies at once.


Message History

Press: ? - help, Shift-Dir - straight line, f - ice beast
Aim: an ice beast (heavily wounded, 79% to hit)
The searing ray misses the ice beast. (Press . to maintain the ray.) Unknown command.
The searing ray hits the ice beast.
The ice beast is severely wounded.
The searing ray hits the ice beast.
The ice beast is severely wounded.
You hit the ice beast but do no damage.
You squeeze the ice beast, but do no damage.
The ice beast is severely wounded.
The ice beast hits you but does no damage.
You hit the ice beast but do no damage.
The ice beast is severely wounded.
The ice beast closely misses you.
You hit the ice beast but do no damage.
The ice beast is severely wounded.
The ice beast barely misses you.
You barely miss the ice beast.
The ice beast is severely wounded.
The ice beast hits you. The ice beast freezes you.
You closely miss the ice beast.
The ice beast is severely wounded.
The ice beast misses you.
You hit the ice beast.
You feel better.
The ice beast is severely wounded.
The ice beast closely misses you.
You hit the ice beast.
The ice beast is severely wounded.
The ice beast closely misses you.
You hit the ice beast but do no damage.
The ice beast is severely wounded.
The ice beast hits you. The ice beast freezes you!
* * * LOW HITPOINT WARNING * * *
Okay, then.
The ice beast hits you.
* * * LOW HITPOINT WARNING * * *
The ice beast freezes you.
You die...

#.# #.###.....##
#.# #.# #.....##
#.# #.#####.####
#.# #.....#. # #.#
#####.#.#### #.#
#.#..... #.#
#.######
#Y##########.......
#.@...........#####
############.##
#.###### #.......
########


You could see an ice beast.

Vanquished Creatures
  A phantom (D:3)
  Terence (D:2)
  3 gnolls (D:2)
  4 adders (D:2)
  A worm (D:2)
  3 ball pythons
  6 endoplasms
  4 giant cockroaches
  15 goblins
  11 hobgoblins
  3 jackals (D:2)
  3 bats
  6 frilled lizards
  5 kobolds
  6 rats
72 creatures vanquished.

Vanquished Creatures (others)
  3 fulminant prisms
3 creatures vanquished.

Grand Total: 75 creatures vanquished

Notes
Turn   | Place    | Note
-------+----------+-------------------------------------------
     0 | D:1      | ooooo the Octopode Conjurer began the quest for the Orb.
     0 | D:1      | Reached XP level 1. HP: 11/11 MP: 3/3
   220 | D:1      | Reached XP level 2. HP: 17/17 MP: 0/5
  1244 | D:2      | Noticed Terence
  1256 | D:2      | Learned a level 2 spell: Searing Ray
  1302 | D:2      | Reached XP level 3. HP: 21/21 MP: 3/6
  1338 | D:2      | Reached skill level 5 in Conjurations
  2004 | D:2      | Reached XP level 4. HP: 9/27 MP: 0/7
  2358 | D:2      | You fall into a shaft and drop 2 floors!
  2594 | D:3      | Reached skill level 6 in Conjurations
  2606 | D:3      | Learned a level 4 spell: Fulminant Prism
  3145 | D:2      | Killed Terence
  3146 | D:2      | Reached skill level 1 in Hexes
  3146 | D:2      | Reached XP level 5. HP: 31/31 MP: 1/8
  3676 | D:3      | Found Fyelicoh's Antique Weapon Shoppe.
  3701 | D:3      | Noticed a phantom
  3963 | D:3      | Killed a phantom
  3964 | D:3      | Reached XP level 6. HP: 33/36 MP: 0/9
  4419 | D:3      | Noticed an ice beast
  4459 | D:3      | Slain by an ice beast

Illustrated notes

Levels and vault maps discovered:
D:1:      scummos_arrival_checkerplants, layout_basic
D:2:      cheibrodos_greedy_goblins, layout_rooms, uniq_terence
D:3:      layout_loops_ring, serial_shops, nicolae_shop_trees
D:4:      layout_loops_ring, nicolae_overflow_hidden_temple,
          minmay_temple_entry_arrows, minmay_misc_feat_tower

Skill      XL: |  1  2  3  4  5 |
---------------+----------------+-----
Conjurations   | 5 6 |  6.6
Hexes          | 1 2 |  2.3
Dodging        | |  2.0
Stealth        | |  2.6
Spellcasting   | |  2.0

Action                   |  1- 3 |  4- 6 || total
-------------------------+-------+-------++-------
Melee: Unarmed           |    33 |       ||    33
       Constrict         |    11 |    10 ||    21
       Punch             |     4 |       ||     4
       Dagger            |     7 |    71 ||    78
       Tentacles         |     5 |    11 ||    16
 Cast: Magic Dart        |    64 |       ||    64
       Searing Ray       |     5 |    10 ||    15
       Fulminant Prism   |       |     3 ||     3
  Use: Potion            |     3 |     1 ||     4
       Scroll            |       |     3 ||     3
 Stab: Sleeping          |       |     6 ||     6
Armor: Skin              |     1 |     5 ||     6
Dodge: Dodged            |    36 |    32 ||    68
